 Dungeon Crawl Stone Soup version 0.29-a0-284-gf9362112df (webtiles) character file.

Game seed: 3234458828231823992

249 Zonian the Chiller (level 6, 0/28 HPs)
             Began as a Vine Stalker Ice Elementalist on Mar 25, 2022.
             Was an Initiate of Makhleb.
             Slain by a kobold brigand
             ... wielding a +0 short sword
              (4 damage)
             ... in a sewer.
             The game lasted 00:12:40 (5628 turns).

Zonian the Chiller (Vine Stalker Ice Elementalist)  Turns: 5628, Time: 00:12:40

Health: 0/28       AC:  2    Str: 10    XL:     6   Next: 12%
Magic:  0/12       EV: 12    Int: 17    God:    Makhleb [......]
Gold:   156        SH:  0    Dex: 15    Spells: 5/12 levels left

rFire   . . .      SeeInvis .     - Unarmed
rCold   . . .      Faith    .   (no shield)
rNeg    . . .      Spirit   +   a - +0 robe
rPois   .          Reflect  .   (no helmet)
rElec   .          Harm     .   (no cloak)
rCorr   .          Rampage  .   (no gloves)
Will    .....                   (no boots)
Stlth   +++.......              k - amulet of magic regeneration
HPRegen 0.89/turn               (no ring)
MPRegen 0.53/turn               (no ring)

@: slowed, very slow
A: fangs 2, regeneration 1, magic shield, antimagic bite, no potion heal 2
a: Renounce Religion


You were in a sewer.
You worshipped Makhleb.
Makhleb was noncommittal.
You visited 1 branch of the dungeon, and saw 4 of its levels.
You also visited: Sewer.

You collected 156 gold pieces.

Inventory:

Hand Weapons
 f - a +1 hunting sling of freezing
 g - a +1 dagger of protection
 n - a +1 short sword of draining
Missiles
 h - 5 poisoned darts
Armour
 a - a +0 robe (worn)
Jewellery
 k - an amulet of magic regeneration (around neck)
Wands
 l - a wand of polymorph (3)
Scrolls
 d - a scroll of silence
 e - 2 scrolls of identify
 i - a scroll of enchant armour
Potions
 b - a potion of magic
 j - a potion of mutation
 m - a potion of lignification
 o - a potion of resistance {unknown}
 p - a potion of attraction {unknown}


   Skills:
 - Level 1.6 Dodging
 + Level 4.5 Stealth
 + Level 2.5 Unarmed Combat
 + Level 3.6 Spellcasting
 + Level 5.0 Ice Magic


You had 5 spell levels left.
You knew the following spells:

 Your Spells              Type           Power      Damage    Failure   Level
a - Freeze                Ice            80%        1d9       2%          1
b - Frozen Ramparts       Ice            40%        1d6       6%          3
c - Ozocubu's Armour      Ice            20%        N/A       6%          3

Your spell library contained the following spells:

 Spells                   Type           Power      Damage    Failure   Level
 Sting                    Tmut/Pois      12%        1d3       17%         1
 Corpse Rot               Necr/Air       6%         N/A       26%         2
 Poisonous Vapours        Pois/Air       6%         N/A       26%         2
 Hailstorm                Conj/Ice       11%        3d5       52%         4
 Olgreb's Toxic Radiance  Pois           3%         N/A       86%         4


Dungeon Overview and Level Annotations

Branches:
Dungeon (4/15)              Sewer (1/1)
 Temple: D:4-7

Altars:
Makhleb


Innate Abilities, Weirdness & Mutations

You have extremely sharp teeth.
Your natural rate of healing is unusually fast.
When hurt, damage is shared between your health and your magic reserves.
Your bite disrupts and absorbs the magic of your enemies.
Potions cannot restore your health.


Message History

You freeze the kobold brigand.
The kobold brigand is moderately wounded.
The kobold brigand closely misses you.
Unknown command.
The kobold brigand throws a curare-tipped dart.
The curare-tipped dart hits you.
You are poisoned.
You have difficulty breathing.
You feel yourself slow down.
You feel extremely sick.
You feel very sick.
Unknown command.
Your system rejects the healing.
You feel better.
The jackal barks!
The kobold brigand closely misses you.
Unknown command.
You are too injured to fight recklessly!
You are too injured to fight recklessly!
Unknown command.
Casting: Freeze (safe; 2% risk of failure)
Confirm with . or Enter, or press ? or * to list all spells.
Aiming: Freeze (safe; 2% risk of failure)
Press: ? - help, Shift-Dir - straight line, f/p - kobold brigand
Aim: a kobold brigand, wielding a +0 short sword and quivering curare-tipped darts (lightly wounded)
You freeze the kobold brigand.
The kobold brigand is moderately wounded.
The kobold brigand hits you with a +0 short sword!
* * * LOW HITPOINT WARNING * * *
Casting: Freeze (safe; 2% risk of failure)
Confirm with . or Enter, or press ? or * to list all spells.
Aiming: Freeze (safe; 2% risk of failure)
Press: ? - help, Shift-Dir - straight line, f/p - kobold brigand
Aim: a kobold brigand, wielding a +0 short sword and quivering curare-tipped darts (moderately wounded)
You freeze the kobold brigand.
The kobold brigand is severely wounded.
The jackal barks!
The kobold brigand hits you with a +0 short sword!
* * * LOW HITPOINT WARNING * * *
The jackal pauses to sniff the ground.
The kobold brigand hits you with a +0 short sword.
You die...

# ############ ∩# ###.
#..≈≈≈..≈..###.##
.....#.≈≈≈≈≈..≈≈≈.....
...#.≈≈≈≈≈≈≈≈≈≈≈≈≈≈≈
..h.≈≈≈≈≈≈≈≈≈≈≈≈≈≈≈
#.≈≈≈≈≈≈≈≈≈≈≈≈≈≈≈
#.)hKK≈≈.≈.......
#.≈KK@...≈.#
#########≈## #≈# #≈#
#≈# #≈# #≈# #≈# #≈#


You could see 2 kobold brigands, 2 jackals and 2 kobolds.

Vanquished Creatures
  Natasha (thrice) (D:2)
  4 gnolls
  4 adders
  2 river rats (Sewer)
  A worm (D:1)
  2 dart slugs (D:3)
  An orc (D:3)
  14 ball pythons
  7 endoplasms
  2 giant cockroaches
  7 goblins
  4 hobgoblins
  4 jackals (D:2)
  5 kobolds
  3 quokkas
  3 bats
  A frilled lizard (D:1)
  12 rats
79 creatures vanquished.

Notes
Turn   | Place    | Note
-------+----------+-------------------------------------------
     0 | D:1      | Zonian the Vine Stalker Ice Elementalist began the quest
                  | for the Orb.
     0 | D:1      | Reached XP level 1. HP: 9/9 MP: 4/4
   251 | D:1      | Reached XP level 2. HP: 13/13 MP: 6/6
   785 | D:1      | Reached XP level 3. HP: 12/16 MP: 3/7
   793 | D:1      | Reached skill level 1 in Unarmed Combat
  1957 | D:2      | Noticed Natasha
  2009 | D:2      | Identified a scroll of acquirement
  2009 | D:2      | Acquired an amulet of magic regeneration
  2036 | D:2      | Noticed Terence
  2064 | D:2      | Learned a level 3 spell: Frozen Ramparts
  2072 | D:2      | Learned a level 3 spell: Ozocubu's Armour
  2184 | D:2      | Gained mutation: Your natural rate of healing is unusually
                  | fast. [Vine Stalker growth]
  2184 | D:2      | Reached XP level 4. HP: 4/21 MP: 3/9
  3082 | D:2      | Killed Natasha
  3083 | D:2      | Reached XP level 5. HP: 13/24 MP: 3/10
  3096 | D:2      | Noticed Natasha
  3105 | D:2      | Killed Natasha
  3572 | D:2      | Noticed Natasha
  3587 | D:2      | Killed Natasha
  3721 | D:2      | Found a faded altar of an unknown god.
  3755 | D:2      | Noticed Terence
  3755 | D:2      | Terence changed into Terence the rat
  3759 | D:2      | Killed Terence the rat
  4715 | D:3      | Found a burning altar of Makhleb.
  4719 | D:3      | Became a worshipper of Makhleb the Destroyer
  4982 | D:3      | Reached XP level 6. HP: 22/24 MP: 9/12
  5317 | D:4      | Found a glowing drain.
  5338 | Sewer    | Entered a sewer
  5362 | Sewer    | Reached skill level 5 in Ice Magic
  5628 | Sewer    | Slain by a kobold brigand

Illustrated notes

Levels and vault maps discovered:
D:1:      dpeg_arrival_brainrot, layout_loops_ring
D:2:      layout_basic, shapermc_ecumenical_altar_totnotflames,
          nicolae_concentric_dashed_squares_mild, hangedman_glass_teeth,
          uniq_terence, uniq_natasha
D:3:      layout_basic, lemuel_crystal_altar, serial_bayou_pond_c,
          minmay_misc_feat_cross
D:4:      layout_basic, lemuel_tele_altar, portal_sewer_entry_b, serial_forest,
          infiniplex_forest_lined_2, infiniplex_forest_clump_cross,
          infiniplex_forest_clump_small, infiniplex_forest_lined_room_3,
          infiniplex_forest_zigzag_1, infiniplex_forest_lined_room_2,
          infiniplex_forest_corner_1, infiniplex_forest_clump_medium,
          uniq_grinder
Sewer:    sewer_kobolds

Skill      XL: |  1  2  3  4  5  6 |
---------------+-------------------+-----
Stealth        | 3 4 |  4.5
Unarmed Combat | 1 2 |  2.5
Spellcasting   | 3 |  3.6
Ice Magic      | 5 |  5.0
Dodging        | |  1.6

Action                   |  1- 3 |  4- 6 || total
-------------------------+-------+-------++-------
Melee: Unarmed           |    66 |    78 ||   144
       Bite              |    13 |    17 ||    30
       Punch             |       |     4 ||     4
 Cast: Freeze            |    28 |    62 ||    90
Evoke: Wand              |       |     1 ||     1
  Use: Scroll            |     6 |     4 ||    10
       Potion            |       |     1 ||     1
 Stab: Sleeping          |     2 |     5 ||     7
Armor: Robe              |     8 |    10 ||    18
Dodge: Dodged            |    59 |    60 ||   119

Table legend: (Time is in decaauts)
 A = Elapsed time spent in this place.
 B = Non-inter-level travel time spent in this place.
 C = Inter-level travel time spent in this place.
 D = Time resting spent in this place.
 E = Time spent auto-exploring this place.
 F = Levels seen in this place.
 G = Mean time per level.
                   A        B        C        D        E       F      G
               +--------+--------+--------+--------+--------+-----+--------+
         Total |   5646 |   5552 |     94 |   2082 |   2275 |   5 | 1129.2 |
       Dungeon |   5342 |   5248 |     94 |   1872 |   2275 |   4 | 1335.5 |
         Sewer |    303 |    303 |      0 |    210 |      0 |   1 |  303.0 |
               +--------+--------+--------+--------+--------+-----+--------+

Top non-repeatable levels by time:
     D:2: 2338 daAuts
     D:1: 1988 daAuts
     D:3: 876 daAuts
   Sewer: 303 daAuts
     D:4: 139 daAuts
